 Dungeon Crawl Stone Soup version 0.22.1-2-g9c5b331383 (webtiles) character file.

437 Forgol the Poker (level 6, -4/56 HPs)
             Began as a Minotaur Fighter on Dec 20, 2018.
             Was an Initiate of Trog.
             Slain by an ogre
             ... wielding a +0 giant club
              (12 damage)
             ... on level 4 of the Dungeon.
             The game lasted 00:15:13 (2637 turns).

Forgol the Poker (Minotaur Fighter)                 Turns: 2637, Time: 00:15:13

Health: -4/56      AC:  9    Str: 27    XL:     6   Next: 69%
Magic:  5/5        EV:  8    Int:  5    God:    Trog [......]
Gold:   132        SH: 10    Dex: 10    Spells: 5/5 levels left

rFire    . . .     SeeInvis .   a - +0 trident
rCold    . . .     Gourm    .   c - +0 shield
rNeg     . . .     Faith    .   b - +0 scale mail
rPois    .         Spirit   .   (helmet restricted)
rElec    .         Reflect  .   u - +1 cloak
rCorr    .         Harm     .   (no gloves)
MR       .....                  (no boots)
Stlth    ..........             (no amulet)
HPRegen  0.18/turn              (no ring)
MPRegen  0.09/turn              (no ring)

@: mighty
A: retaliatory headbutt, horns 2
a: Renounce Religion


You were on level 4 of the Dungeon.
You worshipped Trog.
Trog was noncommittal.
You were not hungry.

You visited 1 branch of the dungeon, and saw 4 of its levels.

You collected 132 gold pieces.

Inventory:

Hand Weapons
 a - a +0 trident (weapon)
 o - a +0 spear
 t - a +2 quarterstaff of chaos
Armour
 b - a +0 scale mail (worn)
 c - a +0 shield (worn)
 j - a +2 helmet
 u - a +1 cloak (worn)
Jewellery
 s - an uncursed ring of protection from magic {unknown}
Wands
 r - a wand of enslavement (13)
Scrolls
 k - a scroll of identify
 n - a scroll of immolation {unknown}
Potions
 e - a potion of brilliance {unknown}
 g - 3 potions of invisibility {unknown}
 i - 2 potions of ambrosia {unknown}
 l - a potion of curing {unknown}
 m - a potion of berserk rage {unknown}
 p - 2 potions of magic {unknown}
Comestibles
 f - 6 rations
 h - 3 chunks of flesh


   Skills:
 + Level 5.2 Fighting
 * Level 5.7 Polearms
 + Level 5.1 Armour
 + Level 5.2 Shields


You had 5 spell levels left.
You didn't know any spells.
Your spell library was empty.

Dungeon Overview and Level Annotations

Branches:
Dungeon (4/15)
 Temple: D:4-7

Altars:
Gozag
Nemelex Xobeh
Ru
Sif Muna
Trog
Vehumet
Xom
Yredelemnul


Innate Abilities, Weirdness & Mutations

You reflexively headbutt those who attack you in melee.
You have a pair of horns on your head.


Message History

The ogre is moderately wounded.
The ogre hits you but does no damage.
You puncture the ogre! Your headbutt misses the ogre.
The ogre is heavily wounded.
The ogre hits you with a giant club!!
You hit the ogre.
The ogre is severely wounded.
The ogre hits you with a giant club!!
Ouch! That really hurt!
* * * LOW HITPOINT WARNING * * *
You barely miss the ogre. You headbutt the ogre.
The ogre is severely wounded.
You block the ogre's attack.
You feel very mighty all of a sudden. You block the howler monkey's attack.
You barely miss the ogre.
The ogre is severely wounded.
The howler monkey hoots and howls with incredible vigour!
The ogre hits you with a giant club!
You die...

.......$...........
.....................
.....................
....................#
................)...#
....................#
...................#
......h.?..[.......#
......O@...........#
...................#
...................#
......(............#
...................##
....................#
....................#
...................##
..................#


You could see an ogre and a howler monkey.

Vanquished Creatures
  An ogre (D:3)
  A scorpion (D:4)
  A hound (D:3)
  Crazy Yiuf (D:3)
  An orc priest (D:4)
  An orc wizard (D:4)
  A worker ant (D:4)
  A hound skeleton (D:4)
  A gnoll (D:1)
  3 adders
  An ooze (D:1)
  An adder skeleton (D:4)
  3 worms
  A dart slug (D:2)
  3 leopard geckos
  10 orcs
  6 giant cockroaches
  10 goblins
  7 hobgoblins
  9 jackals (D:1)
  A quokka (D:3)
  10 bats
  3 frilled lizards
  4 kobolds
  A leopard gecko skeleton (D:4)
  4 rats
86 creatures vanquished.

Notes
Turn   | Place    | Note
-------+----------+-------------------------------------------
     0 | D:1      | Forgol the Minotaur Fighter began the quest for the Orb.
     0 | D:1      | Reached XP level 1. HP: 19/19 MP: 0/0
    78 | D:1      | Reached XP level 2. HP: 25/27 MP: 1/1
   167 | D:1      | Reached XP level 3. HP: 30/33 MP: 2/2
   717 | D:2      | Found a radiant altar of Vehumet.
   788 | D:2      | You fall through a shaft!
   814 | D:3      | Reached XP level 4. HP: 32/40 MP: 3/3
   937 | D:3      | Found a shimmering altar of Xom.
   940 | D:3      | Found a sacrificial altar of Ru.
   954 | D:3      | Found a basalt altar of Yredelemnul.
  1288 | D:2      | Found a bloodstained altar of Trog.
  1295 | D:2      | Became a worshipper of Trog the Wrathful
  1301 | D:2      | Found a deep blue altar of Sif Muna.
  1301 | D:2      | Found a sparkling altar of Nemelex Xobeh.
  1304 | D:2      | Found an opulent altar of Gozag.
  1828 | D:3      | Found a runed door.
  1832 | D:3      | Noticed Crazy Yiuf
  1839 | D:3      | Killed Crazy Yiuf
  1839 | D:3      | Reached XP level 5. HP: 30/47 MP: 4/4
  2002 | D:4      | Noticed an ogre
  2013 | D:3      | Killed an ogre
  2013 | D:3      | Reached skill level 5 in Polearms
  2013 | D:3      | Reached XP level 6. HP: 32/55 MP: 5/5
  2324 | D:4      | Reached skill level 5 in Fighting
  2324 | D:4      | Reached skill level 5 in Shields
  2565 | D:4      | Reached skill level 5 in Armour
  2637 | D:4      | Slain by an ogre

Skill      XL: |  1  2  3  4  5  6 |
---------------+-------------------+-----
Polearms       | 3 4 5 |  5.7
Shields        | 4 5 |  5.2
Armour         | 4 5 |  5.1
Fighting       | 4 5 |  5.2

Action                   |  1- 3 |  4- 6 || total
-------------------------+-------+-------++-------
Melee: Trident           |   106 |   144 ||   250
       Headbutt          |    11 |    28 ||    39
  Use: Scroll            |     1 |     2 ||     3
       Potion            |       |     1 ||     1
  Eat: Chunk             |       |     6 ||     6
Armor: Scale mail        |    38 |    39 ||    77
Dodge: Dodged            |    32 |    24 ||    56
Block: Shield            |    44 |    56 ||   100
